 Dungeon Crawl Stone Soup version 0.30-a0-748-ge6a52f7cba (webtiles) character file.

Game seed: 16500133468226501813

590 funkygono the Firebug (level 7, -3/36 HPs)
             Began as a Gargoyle Fire Elementalist on Feb 8, 2023.
             Slain by Duvessa
             ... wielding a +3 rapier of speed
              (8 damage)
             ... on level 5 of the Dungeon.
             The game lasted 00:06:37 (4714 turns).

funkygono the Firebug (Gargoyle Fire Elementalist)  Turns: 4714, Time: 00:06:38

Health: -3/36      AC:  8    Str: 12    XL:     7   Next: 38%
Magic:  10/14      EV: 12    Int: 17    God:
Gold:   285        SH:  0    Dex: 10    Spells: 3/15 levels left

rFire   . . .      SeeInvis .    p - +0 whip
rCold   . . .      Faith    .    (no shield)
rNeg    + . .      Spirit   .    a - +0 robe
rPois   ∞          Reflect  .    o - +2 hat
rElec   +          Harm     .    (no cloak)
rCorr   .          Rampage  .    (no gloves)
Will    +....                    (no boots)
Stlth   ++                       (no amulet)
HPRegen 0.26/turn                t - ring of willpower
MPRegen 0.14/turn                (no ring)

@: very slightly contaminated
A: sickness immunity, AC +4, negative energy resistance 1, electricity
resistance, torment resistance 1, petrification resistance
a: no special abilities


You were on level 5 of the Dungeon.
You visited 1 branch of the dungeon, and saw 5 of its levels.

You collected 285 gold pieces.

Inventory:

Hand Weapons
 p - a +0 whip (weapon)
 v - a +0 quarterstaff
Armour
 a - a +0 robe (worn)
 o - a +2 hat (worn)
Jewellery
 h - an amulet of faith
 t - a ring of willpower (left hand)
Wands
 r - a wand of paralysis (15)
 s - a wand of flame (30)
Scrolls
 c - 2 scrolls of teleportation {unknown}
 d - a scroll of enchant weapon {unknown}
 f - a scroll of enchant armour {unknown}
 g - 6 scrolls of identify {unknown}
 k - a scroll of fear {unknown}
 q - a scroll of summoning {unknown}
 u - a scroll of magic mapping {unknown}
Potions
 e - 4 potions of haste {unknown}
 i - 2 potions of mutation {unknown}
 j - a potion of attraction {unknown}
 l - 3 potions of resistance {unknown}
 m - 2 potions of curing {unknown}
 n - 2 potions of might {unknown}


   Skills:
 + Level 0.2 Fighting
 + Level 0.2 Maces & Flails
 + Level 1.9 Dodging
 - Level 2.1 Stealth
 + Level 4.7 Spellcasting
 + Level 3.9 Conjurations
 + Level 5.4 Fire Magic


You had 3 spell levels left.
You knew the following spells:

 Your Spells              Type           Power      Damage    Failure   Level
a - Foxfire               Conj/Fire      76%        2x1d7     2%          1
b - Scorch                Fire           44%        2d7       2%          2
c - Kindle Blastsparks    Fire/Tloc/Air  20%        2d11      21%         3
d - Flame Wave            Conj/Fire      19%        2d7       22%         4
e - Searing Ray           Conj           34%        2d5       4%          2

Your spell library contained the following spells:

 Spells                   Type           Power      Damage    Failure   Level
 Magic Dart               Conj           68%        1d6       3%          1
 Sandblast                Erth           8%         2d5       14%         1
 Inner Flame              Hex/Fire       13%        N/A       14%         3
 Ignite Poison            Fire/Tmut/Pois 10%        N/A       21%         3
 Stone Arrow              Conj/Erth      20%        3d8       21%         3
 Passwall                 Tmut/Erth      3%         N/A       22%         2
 Fulminant Prism          Conj/Hex       5%         3d6       54%         4
 Freezing Cloud           Conj/Ice/Air   4%         6-21      94%         5


Dungeon Overview and Level Annotations

Branches:
Dungeon (5/15)
 Temple: D:4-7

Altars:

Shops:
D:1 *   D:2 *[(?(

Annotations:
D:5 3 runed translucent doors, Dowan; Duvessa; caveywoolpert's ghost, novice DEEE


Innate Abilities, Weirdness & Mutations

You are immune to sickness and miasma.
Your stone body is resilient. (AC +4)
You are immune to poison.
You resist negative energy. (rN+)
You are resistant to electric shocks. (rElec)
You are resistant to unholy torment.
You are immune to petrification.


Message History

Nothing appears to happen.
The foxfire hits Duvessa.
Duvessa is lightly wounded.
The foxfire hits Duvessa.
Duvessa is moderately wounded.
Duvessa hits you with a +3 rapier of speed.
Duvessa closely misses you.
Casting: Foxfire (safe; 2% risk of failure)
Confirm with . or Enter, or press ? or * to list all spells.
You conjure some foxfire!
Duvessa hits you with a +3 rapier of speed.
* * * LOW HITPOINT WARNING * * *
Casting: Foxfire (safe; 2% risk of failure)
Confirm with . or Enter, or press ? or * to list all spells.
Flames lash Dowan.
Dowan is moderately wounded.
Dowan's fire resistance burns away.
The foxfire hits Duvessa but does no damage.
Duvessa is moderately wounded.
The foxfire hits Duvessa.
Duvessa is moderately wounded.
Dowan casts a spell at you. You resist with almost no effort.
Unknown command.
Magic courses through your body.
Duvessa says, "My weaknesses are his strengths!"
Duvessa hits you but does no damage.
Duvessa hits you with a +3 rapier of speed.
* * * LOW HITPOINT WARNING * * *
Casting: Scorch (safe; 2% risk of failure)
Confirm with . or Enter, or press ? or * to list all spells.
Flames lash Duvessa.
Duvessa is moderately wounded.
Duvessa's fire resistance burns away.
Duvessa barely misses you. Duvessa closely misses you.
Dowan hits you but does no damage.
Casting: Scorch (safe; 2% risk of failure)
Confirm with . or Enter, or press ? or * to list all spells.
Flames lash Dowan.
Dowan is burned terribly!
Dowan is severely wounded.
Duvessa hits you with a +3 rapier of speed!
You die...

#..#...$[..#..#
##..#s#.?.#.#.†#
#...#S5#.#..#..#
#...#W#...#.#..#
#...#.....
########...#.....
...........###+++
########.........
#@e.......
#e.......
..#..###. .#...##
.###.## .# #. #.
# #


You could see Duvessa (combustible), Dowan (combustible), a scorpion and an
adder.

Vanquished Creatures
  Sigmund (D:2)
  A phantom (D:4)
  Blork the orc (D:4)
  A necrophage (D:5)
  A scorpion (D:5)
  Jessica (D:3)
  A gnoll (D:1)
  4 adders
  2 worms
  4 dart slugs
  3 orcs (D:3)
  4 ball pythons
  7 bats
  11 endoplasms
  A giant cockroach (D:2)
  8 goblins
  13 hobgoblins
  4 jackals (D:3)
  7 kobolds
  2 quokkas
  11 frilled lizards
  6 rats
94 creatures vanquished.

Vanquished Creatures (others)
  292 foxfires
  9 plants (D:3)
301 creatures vanquished.

Grand Total: 395 creatures vanquished

Notes
Turn   | Place    | Note
-------+----------+-------------------------------------------
     0 | D:1      | funkygono the Gargoyle Fire Elementalist began the quest
                  | for the Orb.
     0 | D:1      | Reached XP level 1. HP: 10/10 MP: 3/3
   188 | D:1      | Reached XP level 2. HP: 15/15 MP: 0/5
   191 | D:1      | Learned a level 2 spell: Scorch
   381 | D:1      | Reached XP level 3. HP: 19/19 MP: 3/6
   385 | D:1      | Learned a level 3 spell: Kindle Blastsparks
   879 | D:1      | Found Ruerphiti's Assorted Antiques.
  1146 | D:2      | Found Vuleuwn's Magic Scroll Shoppe.
  1357 | D:2      | Reached XP level 4. HP: 24/24 MP: 2/8
  1519 | D:2      | Found Syuvvo's Weapon Boutique.
  1592 | D:2      | Noticed Sigmund
  1598 | D:2      | Killed Sigmund
  1599 | D:2      | Reached skill level 4 in Fire Magic
  1599 | D:2      | Reached XP level 5. HP: 28/28 MP: 1/10
  1604 | D:2      | Learned a level 4 spell: Flame Wave
  1677 | D:2      | Found Zuk Wita's Weapon Emporium.
  1752 | D:2      | Reached XP level 6. HP: 32/32 MP: 9/11
  1889 | D:2      | Found Fitwaroi's General Store.
  2072 | D:2      | Found Hexotrarch's Armour Emporium.
  3182 | D:3      | Noticed Jessica
  3205 | D:3      | Killed Jessica
  3882 | D:4      | Reached skill level 5 in Fire Magic
  3931 | D:4      | Noticed Blork the orc
  3944 | D:4      | Killed Blork the orc
  3945 | D:4      | Reached XP level 7. HP: 36/36 MP: 1/13
  4036 | D:4      | Learned a level 2 spell: Searing Ray
  4598 | D:5      | Entered Level 5 of the Dungeon
  4628 | D:5      | Noticed a troll
  4631 | D:5      | Noticed caveywoolpert's ghost (novice DEEE)
  4655 | D:5      | Found a runed translucent gate.
  4655 | D:5      | Found a runed translucent gate.
  4656 | D:5      | Found a runed translucent gate.
  4702 | D:5      | Noticed Duvessa
  4702 | D:5      | Noticed Dowan
  4714 | D:5      | Slain by Duvessa

Illustrated notes

Levels and vault maps discovered:
D:1:      erik_arrival_triangle_small, layout_loops_ring, serial_shops,
          nicolae_lakefront_shop
D:2:      layout_loops_corners, serial_shops, nicolae_shop_behind_doors,
          nicolae_shop_window_shopping, nicolae_shop_bloodbath_and_beyond, shop,
          nicolae_shop_hallway_stairs, uniq_sigmund
D:3:      minmay_recursive_quarters, layout_basic, minmay_lizard_king,
          uniq_jessica
D:4:      layout_basic, serial_aquarium, aquarium_bridge_square
          [aquarium_subvault_wall, aquarium_subvault_window,
          aquarium_subvault_wall, aquarium_subvault_bridge],
          aquarium_window_fake, aquarium_window_1, aquarium_window_1,
          aquarium_view_2c, uniq_blork_the_orc
D:5:      layout_loops_ring, gammafunk_ghost_split, uniq_pikel, uniq_eustachio,
          uniq_menkaure, uniq_duvessa

Skill      XL: |  1  2  3  4  5  6 |
---------------+-------------------+-----
Spellcasting   | 3 4 |  4.7
Conjurations   | 3 |  3.9
Fire Magic     | 4 5 |  5.4
Fighting       | |  0.2
Maces & Flails | |  0.2
Dodging        | |  1.9
Stealth        | |  2.1

Action                     |  1- 3 |  4- 6 |  7- 9 || total
---------------------------+-------+-------+-------++-------
  Melee: Club              |     8 |     1 |       ||     9
         Whip              |       |     2 |     2 ||     4
   Cast: Foxfire           |    45 |    95 |    29 ||   169
         Scorch            |     2 |     7 |     4 ||    13
    Use: Potion            |       |       |     1 ||     1
 Armour: Robe              |     5 |     6 |     4 ||    15
  Dodge: Dodged            |     4 |     7 |     7 ||    18

Table legend: (Time is in decaauts)
 A = Elapsed time spent in this place.
 B = Non-inter-level travel time spent in this place.
 C = Inter-level travel time spent in this place.
 D = Time resting spent in this place.
 E = Time spent auto-exploring this place.
 F = Levels seen in this place.
 G = Mean time per level.
                   A        B        C        D        E       F      G
               +--------+--------+--------+--------+--------+-----+--------+
         Total |   4714 |   4635 |     79 |    159 |   3880 |   5 |  942.8 |
       Dungeon |   4714 |   4635 |     79 |    159 |   3880 |   5 |  942.8 |
               +--------+--------+--------+--------+--------+-----+--------+

Top non-repeatable levels by time:
     D:2: 1397 daAuts
     D:3: 1322 daAuts
     D:1: 1098 daAuts
     D:4: 780 daAuts
     D:5: 115 daAuts
